 Dungeon Crawl Stone Soup version 0.20-a0-1116-gaa52201 (webtiles) character file.

108 JeffiDaFish the Grave Robber (level 4, -1/30 HPs)
             Began as a Mummy Necromancer on May 8, 2017.
             Slain by a water moccasin (8 damage)
             ... on level 3 of the Dungeon.
             The game lasted 00:08:06 (1778 turns).

JeffiDaFish the Grave Robber (Mummy Necromancer)    Turns: 1778, Time: 00:08:07

Health: -1/30      AC:  1    Str:  9    XL:     4   Next: 58%
Magic:  5/10       EV: 12    Int: 14    God:
Gold:   113        SH:  0    Dex: 13    Spells: 2/11 levels left

rFire    x . .     SeeInvis .   f - +5 hand axe (chop)
rCold    + . .     Gourm    .   (no shield)
rNeg     + + +     Faith    .   (no armour)
rPois    ∞         Spirit   .   (no helmet)
rElec    .         Reflect  .   g - +0 cloak
rCorr    .         Harm     .   (no gloves)
MR       .....                  (no boots)
Stlth    ++........             (no amulet)
Regen    0.1/turn               d - -2 ring of strength
MPRegen  0.2/turn               (no ring)

@: no status effects
A: no food or potions, fire vulnerability, cold resistance 1, negative energy
resistance 3, torment resistance, unbreathing
a: no special abilities


You were on level 3 of the Dungeon.
You were not hungry.

You visited 1 branch of the dungeon, and saw 3 of its levels.

You collected 113 gold pieces.

Inventory:

Hand Weapons
 c - a +0 dagger
 f - a +5 hand axe of chopping (weapon)
Armour
 g - a +0 cloak (worn)
Jewellery
 d - a -2 ring of strength (left hand)
Scrolls
 e - 3 scrolls of recharging
 h - a scroll of teleportation
Books
 b - a book of Necromancy

   Spells                             Type                      Level
   a - Pain                           Necromancy                   1
   b - Animate Skeleton               Necromancy                   1
   c - Vampiric Draining              Necromancy                   3
   d - Regeneration                   Charms/Necromancy            3
   e - Animate Dead                   Necromancy                   4
   f - Control Undead                 Necromancy                   4


   Skills:
 + Level 0.2 Fighting
 + Level 0.4 Short Blades
 + Level 1.7 Dodging
 + Level 1.5 Stealth
 + Level 4.4 Spellcasting
 + Level 5.0 Necromancy


You had 2 spell levels left.
You knew the following spells:

 Your Spells              Type           Power        Failure   Level  Hunger
a - Pain                  Necr           ###.         2%          1    N/A
b - Animate Skeleton      Necr           N/A          2%          1    N/A
c - Vampiric Draining     Necr           ###.......   7%          3    N/A
d - Animate Dead          Necr           N/A          24%         4    N/A

Dungeon Overview and Level Annotations

Branches:
Dungeon (3/15)

Altars:
Ashenzari
Okawaru
Ru


Innate Abilities, Weirdness & Mutations

You do not eat or drink.
Your flesh is vulnerable to fire.
You are immune to poison.
Your flesh is cold resistant. (rC+)
You are immune to negative energy. (rN+++)
You are immune to unholy pain and torment.
You can survive without breathing.


Message History

Aiming: Pain
Press: ? - help, Shift-Dir - straight line, f/p - water moccasin
Aim: a water moccasin (severely wounded, chance to defeat MR: 76%)
The water moccasin barely resists.
The water moccasin bites you.
* * * LOW HITPOINT WARNING * * *
Your hobgoblin skeleton misses the water moccasin.
The water moccasin barely misses you.
Your kobold skeleton hits the water moccasin but does no damage.
Casting: Pain
Confirm with . or Enter, or press ? or * to list all spells.
Aiming: Pain
Press: ? - help, Shift-Dir - straight line, f/p - water moccasin
Aim: a water moccasin (severely wounded, chance to defeat MR: 76%)
The water moccasin barely resists.
The water moccasin barely misses you.
Your hobgoblin skeleton hits the water moccasin with a club.
You catch the helpless water moccasin completely off-guard!
You hit the water moccasin but do no damage.
The water moccasin is almost dead.
The water moccasin bites you!
You die...

### #.# ###.# #...#
#####.#Z#####
#....Z#Z....#
##.##....#.###
####..##.##.Z.####
#..@Z.##.####....###
#..SZ>..............
#$....##.####.##.###
#............(......
#..$.#.#.###########
#....... ..
##+#..... .. .......
. ..#.....


You could see a water moccasin, a friendly hobgoblin skeleton and a friendly
kobold skeleton.

Vanquished Creatures
  Jessica (D:3)
  2 adders
  A worm (D:2)
  4 dart slugs (D:1)
  5 bats
  A giant cockroach (D:2)
  5 hobgoblins
  5 jackals
  6 kobolds
  2 quokkas (D:2)
  3 frilled lizards
  12 goblins
  3 rats
50 creatures vanquished.

Vanquished Creatures (collateral kills)
  A jackal (D:3)
  A frilled lizard (D:2)
  A rat (D:1)
3 creatures vanquished.

Grand Total: 53 creatures vanquished

Notes
Turn   | Place    | Note
-------+----------+-------------------------------------------
     0 | D:1      | JeffiDaFish the Mummy Necromancer began the quest for the Orb.
     0 | D:1      | Reached XP level 1. HP: 13/13 MP: 4/4
    41 | D:1      | Learned a level 1 spell: Animate Skeleton
   175 | D:1      | Reached XP level 2. HP: 14/19 MP: 0/5
   598 | D:1      | Reached XP level 3. HP: 23/24 MP: 2/7
   852 | D:2      | Found an iron altar of Okawaru.
  1113 | D:2      | Found a shattered altar of Ashenzari.
  1583 | D:3      | Noticed Jessica
  1589 | D:3      | Killed Jessica
  1589 | D:3      | Reached skill level 5 in Necromancy
  1589 | D:3      | Reached XP level 4. HP: 30/30 MP: 6/10
  1638 | D:3      | Found a sacrificial altar of Ru.
  1672 | D:3      | Learned a level 3 spell: Vampiric Draining
  1704 | D:3      | Learned a level 4 spell: Animate Dead
  1765 | D:3      | Noticed a water moccasin
  1778 | D:3      | Slain by a water moccasin

Vault maps used:
D:1:      wheals_arrival_shading, corexii_item_surrounded_by_moat
D:2:      ashenzari_conservatory_becter, nicolae_overflow_crystal_walls
D:3:      lemuel_round_altar, hangedman_decor_slide_cut, uniq_jessica

Skill      XL: |  1  2  3 |
---------------+----------+-----
Spellcasting   | 3 4 |  4.4
Necromancy     | 5 |  5.0
Fighting       | |  0.2
Short Blades   | |  0.4
Dodging        | |  1.7
Stealth        | |  1.5

Action                   |  1- 3 |  4- 6 || total
-------------------------+-------+-------++-------
Melee: Unarmed           |     7 |       ||     7
       Dagger            |    35 |       ||    35
       Hand axe          |       |    15 ||    15
 Cast: Pain              |    78 |    10 ||    88
       Animate Skeleton  |    18 |     4 ||    22
  Use: Scroll            |     9 |     3 ||    12
 Stab: Sleeping          |     1 |     1 ||     2
       Distracted        |       |     1 ||     1
Armor: Robe              |     9 |       ||     9
       Skin              |       |     3 ||     3
Dodge: Dodged            |    36 |    15 ||    51
